 Dungeon Crawl Stone Soup version 0.30.1-11-g7821555f0a (webtiles) character file.

Game seed: 4108069802052041922

525 SacredBeard the Shooter (level 7, 0/38 HPs)
             Began as a Deep Elf Hexslinger on Oct 30, 2023.
             Was an Initiate of Hepliaklqana.
             Slain by a hound (2 damage)
             ... on level 7 of the Dungeon.
             The game lasted 00:09:21 (3455 turns).

SacredBeard the Shooter (Deep Elf Hexslinger)       Turns: 3455, Time: 00:09:21

Health: 0/38       AC:  6    Str: 10    XL:     7   Next: 2%
Magic:  20/24      EV: 11    Int: 18    God:    Hepliaklqana [......]
Gold:   262        SH:  0    Dex: 14    Spells: 13/14 levels left

rFire   . . .        r - +8 whip of Dyixtott {venom, MP+9 Str+3 Dex-3}
rCold   . . .        (no shield)
rNeg    . . .        g - +1 ring mail {rPois}
rPois   +            (no helmet)
rElec   .            (no cloak)
rCorr   .            (no gloves)
SInv    .            (no boots)
Will    .....        p - amulet of regeneration
Stlth   +            (no ring)
HPRegen 1.06/turn    (no ring)
MPRegen 0.19/turn

%: no passive effects
@: no status effects
A: no striking features
a: Renounce Religion


You were on level 7 of the Dungeon.
You worshipped Hepliaklqana.
Hepliaklqana was noncommittal.
You visited 1 branch of the dungeon, and saw 6 of its levels.
You also visited: Sewer.

You collected 262 gold pieces.

Inventory:

Hand Weapons
 a - a +1 sling
 r - the +8 whip of Dyixtott (weapon) {venom, MP+9 Str+3 Dex-3}
   (You took it off a hobgoblin on level 3 of the Dungeon)

   Str:       It affects your strength (+3).
   Dex:       It affects your dexterity (-3).
   MP:        It affects your magic capacity (+9).
 z - a +0 shortbow
Missiles
 k - a throwing net
Armour
 g - a +1 ring mail of poison resistance (worn)
Jewellery
 p - an amulet of regeneration (around neck)
Wands
 y - a wand of polymorph (9)
Scrolls
 b - a scroll of poison
 d - 4 scrolls of vulnerability {unknown}
 f - 6 scrolls of identify {unknown}
 h - 5 scrolls of teleportation {unknown}
 j - 2 scrolls of enchant weapon {unknown}
 m - a scroll of silence {unknown}
 t - a scroll of enchant armour {unknown}
 w - a scroll of amnesia {unknown}
 A - a scroll of brand weapon {unknown}
Potions
 c - a potion of mutation {unknown}
 i - 2 potions of degeneration {unknown}
 l - 2 potions of attraction {unknown}
 n - a potion of berserk rage {unknown}
 o - a potion of magic {unknown}
 q - 2 potions of ambrosia {unknown}
 s - a potion of flight {unknown}
 u - a potion of lignification {unknown}
 v - a potion of heal wounds {unknown}
 x - a potion of might {unknown}


   Skills:
 - Level 1.0 Fighting
 * Level 6.7 Ranged Weapons
 - Level 1.0 Armour
 - Level 4.0 Dodging
 + Level 4.4 Spellcasting
 - Level 6.0 Hexes


You had 13 spell levels left.
You knew the following spells:

 Your Spells              Type           Power      Damage    Failure   Level
a - Slow                  Hex            100%       N/A       3%          1

Your spell library contained the following spells:

 Spells                   Type           Power      Damage    Failure   Level
 Inner Flame              Hex/Fire       14%        N/A       30%         3
 Portal Projectile        Hex/Tloc       28%        N/A       30%         3
 Cause Fear               Hex            12%        N/A       30%         4
 Beastly Appendage        Tmut           6%         N/A       34%         1
 Wereblood                Tmut           3%         N/A       47%         2
 Spider Form              Tmut/Pois      3%         N/A       71%         3


Dungeon Overview and Level Annotations

Branches:
Dungeon (5/15) Zot: 26908   Sewer (visited)
 Temple: D:4-7

Altars:
Hepliaklqana
Vehumet

Shops:
D:1 (


Message History

The hound bites you.
* * * LOW HITPOINT WARNING * * *
The water moccasin bites you.
* * * LOW HITPOINT WARNING * * *
You feel better. The hound misses you. The water moccasin bites you.
* * * LOW HITPOINT WARNING * * *
The hound bites you but does no damage.
You whack the water moccasin!
The water moccasin is severely wounded.
The water moccasin bites you.
* * * LOW HITPOINT WARNING * * *
The hound bites you but does no damage. The water moccasin closely misses you.
You feel better. The hound bites you.
* * * LOW HITPOINT WARNING * * *
The water moccasin bites you.
* * * LOW HITPOINT WARNING * * *
The hound completely misses you.
You closely miss the water moccasin.
The water moccasin is severely wounded.
The water moccasin bites you.
* * * LOW HITPOINT WARNING * * *
The hound bites you but does no damage.
The water moccasin bites you but does no damage.
The hound barely misses you.
You feel better. The water moccasin bites you!
* * * LOW HITPOINT WARNING * * *
The hound bites you.
* * * LOW HITPOINT WARNING * * *
Unknown command.
You miss the water moccasin.
The water moccasin is severely wounded.
The water moccasin closely misses you. The hound bites you but does no damage.
The hound bites you.
* * * LOW HITPOINT WARNING * * *
The water moccasin barely misses you.
Unknown command.
You completely miss the water moccasin.
The water moccasin is severely wounded.
The hound bites you.
You die...

###### #....#
#....# #....#
#######†...#
.....(h@...#
..######S### #.#
. ##.#### #####..
#.....# ....f.#
###.....# ......#
#.......# ......#
#.#.....##......#
#.#S.......?....#


You could see a water moccasin and a hound (poisoned).

Vanquished Creatures
  2 sky beasts (D:7)
  A bullfrog (D:7)
  A sleepcap (D:7)
  2 iguanas (D:4)
  7 adders
  4 river rats (Sewer)
  A worm (D:5)
  2 dart slugs
  8 orcs (D:4)
  10 ball pythons
  8 endoplasms
  4 giant cockroaches
  6 goblins
  9 hobgoblins
  2 kobolds (D:2)
  4 quokkas
  4 bats
  8 frilled lizards
  11 rats
94 creatures vanquished.

Notes
Turn   | Place    | Note
-------+----------+-------------------------------------------
     0 | D:1      | SacredBeard the Deep Elf Hexslinger began the quest for the
                  | Orb.
     0 | D:1      | Reached XP level 1. HP: 11/11 MP: 5/5
    59 | D:1      | Noticed a great orb of eyes
    62 | D:1      | Found a faded altar of an unknown god.
    65 | D:1      | Noticed a great orb of eyes
    66 | D:1      | Noticed an eye of devastation
    66 | D:1      | Noticed a great orb of eyes
   179 | D:1      | Found Xuyg's Weapon Emporium.
   209 | D:1      | Reached XP level 2. HP: 16/16 MP: 6/6
   450 | D:1      | Reached skill level 1 in Fighting
   716 | D:2      | Reached XP level 3. HP: 11/20 MP: 8/8
  1476 | D:3      | Reached XP level 4. HP: 25/25 MP: 9/9
  1595 | D:3      | Identified the +8 whip of Dyixtott {venom, MP+9 Str+3
                  | Dex-3}
  2126 | D:4      | Found a radiant altar of Vehumet.
  2215 | D:4      | Found a hazy altar of Hepliaklqana.
  2223 | D:4      | Became a worshipper of Hepliaklqana the Forgotten
  2305 | D:4      | Reached skill level 5 in Hexes
  2472 | D:4      | Reached XP level 5. HP: 29/29 MP: 11/11
  2587 | D:5      | Entered Level 5 of the Dungeon
  2766 | D:5      | Found a glowing drain.
  2770 | Sewer    | Entered a sewer
  2824 | Sewer    | Reached skill level 5 in Ranged Weapons
  3367 | D:5      | You fall into a shaft and drop 2 floors!
  3397 | D:7      | Reached skill level 1 in Armour
  3397 | D:7      | Reached XP level 6. HP: 34/34 MP: 13/13
  3420 | D:7      | Noticed a water moccasin
  3422 | D:7      | Noticed a sky beast
  3423 | D:7      | Noticed a sky beast
  3441 | D:7      | Killed a sky beast
  3445 | D:7      | Killed a sky beast
  3446 | D:7      | Reached XP level 7. HP: 17/38 MP: 15/15
  3453 | D:7      | HP: 1/38 [hound (2)]
  3455 | D:7      | Slain by a hound

Illustrated notes

Levels and vault maps discovered:
D:1:      evilmike_arrival_crescent, layout_rooms,
          hellmonk_ecumenical_altar_watching_god, serial_shops,
          nicolae_shop_rolling_square
D:2:      wad_river_or_something, layout_loops_ring, serial_aquarium,
          aquarium_bridge_long_joined [aquarium_subvault_wall,
          aquarium_subvault_wall, aquarium_subvault_bridge,
          aquarium_subvault_window, aquarium_subvault_window,
          aquarium_subvault_window], aquarium_bridge_square
          [aquarium_subvault_bridge, aquarium_subvault_wall,
          aquarium_subvault_window, aquarium_subvault_window],
          aquarium_window_fake, aquarium_window_double, aquarium_window_double,
          aquarium_view_2d, minmay_pentomino_p4
D:3:      layout_rooms
D:4:      layout_loops_cross, lemuel_coloured_pillars_altar,
          mainiacjoe_overflow_surrounded_room
D:5:      layout_loops_ring, general_overflow_altar, gup_sewer_entry_bowl,
          uniq_duvessa, uniq_prince_ribbit1
D:7:      cheibrodos_quashed, layout_basic, nicolae_overflow_hidden_temple,
          uniq_pikel

Skill      XL: |  1  2  3  4  5  6 |
---------------+-------------------+-----
Ranged Weapons | 3 4 5 6 |  6.7
Fighting       | 1 |  1.0
Spellcasting   | 2 3 4 |  4.4
Dodging        | 3 4 |  4.0
Hexes          | 5 6 |  6.0
Armour         | 1 |  1.0

Action                     |  1- 3 |  4- 6 |  7- 9 || total
---------------------------+-------+-------+-------++-------
  Melee: Whip              |       |    62 |     7 ||    69
         Punch             |       |     1 |       ||     1
   Fire: Sling             |   119 |   113 |       ||   232
   Cast: Slow              |       |    15 |       ||    15
    Use: Potion            |       |     2 |     3 ||     5
 Armour: Ring mail         |    18 |    41 |     8 ||    67
  Dodge: Dodged            |    24 |    58 |     7 ||    89
